[Event "Live Chess"]
[Site "Chess.com"]
[Date "2024.06.02"]
[Round "-"]
[White "elephantgerrald"]
[Black "KeithArkell"]
[Result "0-1"]
[WhiteElo "852"]
[BlackElo "2409"]
[TimeControl "300"]
[EndTime "1:01:07 PDT"]
[Termination "KeithArkell won by checkmate"]

1. e4 c6 2. Nf3 d5 3. exd5 cxd5 4. d4 Nf6 5. Nc3 Nc6 6. Bb5 Bg4 7. Bxc6+ bxc6 8.
O-O e6 9. h3 Bxf3 10. Qxf3 Be7 11. Bg5 O-O 12. Bxf6 Bxf6 13. Rfe1 Qb6 14. b3 Bxd4 15. Rf1 Qa5 16. Ne2 Bxa1 17. Rxa1 Qd2 18. Nf4 Qxc2 19. Nh5 Qg6 20. Nf4 Qf6 21. Qg3 Qxa1+ 22.
Kh2 Qe5 23. Qg4 Kh8 24. f3 g5 25. g3 gxf4 26. gxf4 Qe2+ 27. Kg3 Rg8 28. Qxg8+ Rxg8+ 29. Kh4 Qf2+ 30. Kh5 Qxf3+ 31. Kh6 Qxh3# 0-1

[Event "Live Chess"]
[Site "Chess.com"]
[Date "2024.06.02"]
[Round "-"]
[White "willc-h99"]
[Black "wadsy27"]
[Result "0-1"]
[WhiteElo "2619"]
[BlackElo "2588"]
[TimeControl "300"]
[EndTime "1:01:16 PDT"]
[Termination "wadsy27 won by resignation"]

1. d4 Nf6 2. Bg5 d5 3. Bxf6 exf6 4. e3 c6 5. g3 Bd6 6. Bg2 h5 7.
h4 Bg4 8. Ne2 Nd7 9. Qd3 Qc7 10.
Nd2 g6 11. c4 dxc4 12. Nxc4 Bxe2 13. Nxd6+ Qxd6 14. Qxe2 f5 15. O-O O-O 16. a3 a5 17.
Rac1 Nf6 18. Rc5 Rfc8 19. Rfc1 Nd7 20. R5c3 a4 21. Qc2 Ra5 22. Rc4 Rb8 23. Rxa4 Rxa4 24. Qxa4 Nf6 25. Qa7 Ng4 26. Qc5 Qf6 27. Bf3 Re8 28.
Kg2 Qe6 29. Rc3 Nf6 30. Rb3 Qxb3 0-1

[Event "Live Chess"]
[Site "Chess.com"]
[Date "2024.06.02"]
[Round "-"]
[White "yarek"]
[Black "Tatarinov_Maxim"]
[Result "0-1"]
[WhiteElo "1718"]
[BlackElo "2270"]
[TimeControl "300"]
[EndTime "1:01:57 PDT"]
[Termination "Tatarinov_Maxim won by checkmate"]

1. e4 c5 2. d4 cxd4 3. c3 dxc3 4. Nxc3 Nc6 5. Bc4 e6 6. Nf3 d6 7. O-O Nf6 8. Qe2 Be7 9. Rd1 e5 10. h3 O-O 11. Be3 Be6 12. Rac1 Qd7 13. Bxe6 Qxe6 14. Ng5 Qd7 15. Qf3 h6 16. Nxf7 Rxf7 17. Nb5 a6 18.
Na3 Nd5 19. Qg3 Nxe3 20. Qxe3 Nd4 21. Nc4 Qe6 22. Nb6 Raf8 23. f3 Bg5 24. Qd3 Bxc1 25.
Rxc1 Kh7 26. Nd5 Nxf3+ 27. gxf3 Rxf3 28. Qe2 Qxh3 29. Ne7 Rg3+ 30. Qg2 Qxg2# 0-1

[Event "Live Chess"]
[Site "Chess.com"]
[Date "2024.06.02"]
[Round "-"]
[White "jimwad"]
[Black "Sokolik_UA"]
[Result "1-0"]
[WhiteElo "1328"]
[BlackElo "810"]
[TimeControl "300"]
[EndTime "1:02:10 PDT"]
[Termination "jimwad won by resignation"]

1. c4 e6 2. g3 d5 3. cxd5 Qxd5 4. Nf3 c5 5. Bg2 Nf6 6. Nh4 Qd6 7. Nc3 Bd7 8. O-O Nc6 9. d3 Be7 10. Bf4 e5 11.
Be3 O-O 12. Ne4 Bg4 13. Nxd6 Bxd6 14. Nf3 e4 15. dxe4 Nxe4 16. Ne1 Nxg3 17. hxg3 Ne5 18. Qxd6 Ng6 19. f3 Be6 20. Qxc5 b6 21. Qc3 Rac8 22. Qa3 a5 23. Bxb6 Rc6 24. Bc5 1-0

[Event "Live Chess"]
[Site "Chess.com"]
[Date "2024.06.02"]
[Round "-"]
[White "nyclone"]
[Black "Ksenia_2013"]
[Result "0-1"]
[WhiteElo "1126"]
[BlackElo "1032"]
[TimeControl "300"]
[EndTime "1:02:41 PDT"]
[Termination "Ksenia_2013 won on time"]

1. e4 e5 2. Nc3 Nf6 3. Bc4 Bc5 4. d3 O-O 5. Nf3 Nc6 6. O-O d6 7. Be3 Bxe3 8. fxe3 Ng4 9. Qe1 Nb4 10. Bb3 Be6 11. Nd5 Bxd5 12. exd5 a5 13. a3 e4 14. dxe4 a4 15. Bc4 Nxc2 16. Qg3 Qc8 17. Rac1 Ncxe3 18. Rfe1 Nxc4 19. Rxc4 b5 20. Rb4 h5 21. h3 Nf6 22.
Rxb5 Qa6 23. Rb4 Qa7+ 24. Kh1 Rab8 25. Ra1 Rxb4 26. axb4 a3 27. Qe1 Qa4 28. bxa3 Ra8 29. Qc1 Qa7 30. Ng5 Qd4 31. Ra2 Nxe4 32. Nxe4 Qxe4 33.
Qa1 Qxd5 34. a4 c5 35. b5 Qb7 36. a5 Qxb5 37. a6 Qb8 38. a7 Qe8 39. Rb2 h4 0-1

[Event "Live Chess"]
[Site "Chess.com"]
[Date "2024.06.02"]
[Round "-"]
[White "TheSmoulderingMaster"]
[Black "ProfessorChess101"]
[Result "0-1"]
[WhiteElo "1751"]
[BlackElo "2731"]
[TimeControl "300"]
[EndTime "1:03:13 PDT"]
[Termination "ProfessorChess101 won by resignation"]

1. e4 a6 2. d4 b5 3. Nf3 Bb7 4.
Bd3 e6 5. Bf4 d6 6. Qd2 Nd7 7.
O-O Ngf6 8. Re1 Be7 9. Nc3 c5 10.
dxc5 dxc5 11. e5 Nd5 12. Bg3 N7b6 13. Ne4 O-O 14. Nf6+ Nxf6 15. exf6 Bxf6 16. Be5 Bxf3 17. gxf3 Nc4 18. Qf4 Nxe5 19. Be4 Ra7 20. Qg3 Ng6 21.
Qh3 Bd4 22. Rad1 Qg5+ 23. Kh1 Bxf2 24. Re2 Qh4 25. Qg2 Bd4 26. c3 Nf4 27. Qf1 Nxe2 28. Qxe2 Bf6 29. Rg1 Rd7 30. Rg4 Qh6 31. Rg3 Rd2 32.
Rh3 Rxe2 0-1

[Event "Live Chess"]
[Site "Chess.com"]
[Date "2024.06.02"]
[Round "-"]
[White "Tatarinov_Maxim"]
[Black "JohanKjeldahl"]
[Result "1-0"]
[WhiteElo "2272"]
[BlackElo "1868"]
[TimeControl "300"]
[EndTime "1:03:24 PDT"]
[Termination "Tatarinov_Maxim won by resignation"]

1. d4 Nf6 2. c4 c5 3. d5 b5 4.
cxb5 a6 5. e3 Bb7 6. Nc3 e6 7.
dxe6 fxe6 8. Nf3 d5 9. bxa6 Nxa6 10. Bb5+ Nd7 11. Ne5 Bc8 12. Qh5+ g6 1-0

[Event "Live Chess"]
[Site "Chess.com"]
[Date "2024.06.02"]
[Round "-"]
[White "AlanBstard10"]
[Black "Bradfield133"]
[Result "0-1"]
[WhiteElo "1198"]
[BlackElo "1865"]
[TimeControl "300"]
[EndTime "1:03:43 PDT"]
[Termination "Bradfield133 won by resignation"]

1. b4 e6 2. Bb2 Nf6 3. a3 c5 4. c4 cxb4 5. a4 Be7 6. e3 O-O 7. Nf3 b6 8. Be2 Bb7 9. d3 d5 10. cxd5 Nxd5 11. e4 Nf4 12. Nbd2 Nxd3+ 13. Bxd3 Qxd3 14.
Ne5 Qd8 15. Qg4 Bf6 16. f4 Nd7 17. Nxd7 Bxb2 18. Nxf8 Bxa1 19. Ke2 Bc3 20. Rd1 Qxf8 21. Nc4 Ba6 0-1

[Event "Live Chess"]
[Site "Chess.com"]
[Date "2024.06.02"]
[Round "-"]
[White "Crowded_House"]
[Black "ProfPoisson"]
[Result "0-1"]
[WhiteElo "1649"]
[BlackElo "1348"]
[TimeControl "300"]
[EndTime "1:04:03 PDT"]
[Termination "ProfPoisson won by resignation"]

1. d4 e6 2. Nf3 f5 3. Bg5 Nf6 4. e3 Be7 5. Ne5 O-O 6. Bd3 Ne4 7. Bxe7 Qxe7 8. Bxe4 fxe4 9. Qg4 d6 10. Nc4 e5 11.
Qxe4 Qf7 12. O-O Qxc4 13. b3 Qf7 14. dxe5 Nc6 15. exd6 cxd6 16. Nc3 Bf5 17. Qf4 Bxc2 18. Qxd6 Rad8 19. Qc5 Qg6 20. Qc4+ Kh8 21. Rac1 Bd3 0-1

[Event "Live Chess"]
[Site "Chess.com"]
[Date "2024.06.02"]
[Round "-"]
[White "vincents82"]
[Black "Hacker_2009"]
[Result "1/2-1/2"]
[WhiteElo "2010"]
[BlackElo "2232"]
[TimeControl "300"]
[EndTime "1:04:18 PDT"]
[Termination "Game drawn by stalemate"]

1. e4 c5 2. Nf3 e6 3. d4 cxd4 4. Nxd4 a6 5. g3 Nf6 6. Bg2 Be7 7. O-O O-O 8. e5 Nd5 9. c4 Nb6 10. b3 d6 11. exd6 Qxd6 12. Ba3 Qd8 13. Bxe7 Qxe7 14. Qe2 N8d7 15. Nc3 Nf6 16. Ne4 Nxe4 17. Qxe4 Rb8 18. Rad1 Bd7 19. Nf5 Qf6 20. Nd6 Bc6 21. Qd4 Qxd4 22.
Rxd4 Bxg2 23. Kxg2 Rfd8 24. Rfd1 h6 25. f4 Rd7 26. a4 Rbd8 27. Kf3 Kf8 28. a5 Nc8 29. c5 Na7 30. Ke4 Nc6 31. R4d3 Nxa5 32. b4 Nc6 33. Nxb7 Rxd3 34. Rxd3 Rxd3 35. Kxd3 Nxb4+ 36. Kc4 Nc6 37. Nd6 f5 38. Kb3 Ke7 39. Ka4 Nd4 40. Ka5 Kd7 41. Kb6 Nc6 42. Kxa6 g5 43. Kb6 gxf4 44. gxf4 Nd4 45.
Nc4 Nc6 46. Kb7 Nd8+ 47. Kb6 Nc6 48. h4 h5 49. Kb5 Nd4+ 50. Kb6 Nc6 51. Na5 Nxa5 52.
Kxa5 Kc6 53. Kb4 e5 54. fxe5 Kd5 55. Kb5 f4 56. c6 f3 57. c7 f2 58. c8=Q f1=Q+ 59.
Kb6 Qb1+ 60. Ka7 Qa2+ 61. Kb8 Qb3+ 62. Kc7 Qc4+ 63. Kd7 Qxc8+ 64. Kxc8 Kxe5 65. Kc7 Kf4 66. Kd6 Kg4 67. Ke5 Kxh4 68. Kf4 Kh3 69. Kf3 Kh2 70. Kf2 h4 71. Kf1 h3 72. Kf2 Kh1 73. Kf1 h2 74.
Kf2 1/2-1/2

[Event "Live Chess"]
[Site "Chess.com"]
[Date "2024.06.02"]
[Round "-"]
[White "booktrunk"]
[Black "RG_ChessLegend"]
[Result "1-0"]
[WhiteElo "1502"]
[BlackElo "1515"]
[TimeControl "300"]
[EndTime "1:04:33 PDT"]
[Termination "booktrunk won by checkmate"]

1. d4 Nf6 2. Bf4 d5 3. Nc3 a6 4. Nf3 Nc6 5. e3 Bg4 6. h3 Bh5 7. g4 Bg6 8. Nh4 e6 9. Nxg6 hxg6 10. Bg2 Bb4 11. a3 g5 12. Bg3 Bxc3+ 13. bxc3 Qd7 14. Qd3 O-O-O 15. a4 Na5 16. O-O Nc4 17. a5 Rde8 18.
e4 Nd6 19. e5 Nc4 20. exf6 gxf6 21. Rfe1 Rhf8 22. f3 e5 23. dxe5 fxe5 24. Rad1 c6 25. Rb1 Nxa5 26. Ra1 Nc4 27. Reb1 f6 28. Bf1 Rf7 29. Qf5 Re6 30. Bxc4 dxc4 31. Rd1 Qe7 32. Rd2 Kb8 33. Rad1 Rf8 34. Rd7 Qc5+ 35. Kg2 Ree8 36. Rb1 b5 37. Rbd1 Qe3 38. Qe4 Qxe4 39. fxe4 Rc8 40.
R7d6 Kb7 41. Rd7+ Kb6 42. Bf2+ c5 43. R7d6+ Ka5 44. Ra1# 1-0

[Event "Live Chess"]
[Site "Chess.com"]
[Date "2024.06.02"]
[Round "-"]
[White "Queensandpawns"]
[Black "NAZRIZ1977"]
[Result "0-1"]
[WhiteElo "2281"]
[BlackElo "2139"]
[TimeControl "300"]
[EndTime "1:04:51 PDT"]
[Termination "NAZRIZ1977 won on time"]

1. d4 Nf6 2. Nc3 d5 3. Bf4 g6 4. h4 Bg7 5. e3 O-O 6. h5 c5 7. hxg6 fxg6 8. Nf3 Nc6 9. Be2 cxd4 10. exd4 Qb6 11. a3 Bg4 12. Be3 e6 13. Qd2 Qxb2 14.
O-O Qb6 15. Ne5 Bxe2 16. Nxe2 Ne4 17. Qd3 Nxe5 18. dxe5 Qa6 19. f4 Rac8 0-1

[Event "Live Chess"]
[Site "Chess.com"]
[Date "2024.06.02"]
[Round "-"]
[White "MagnersCarlsberg2870"]
[Black "KeithArkell"]
[Result "1-0"]
[WhiteElo "1830"]
[BlackElo "2394"]
[TimeControl "300"]
[EndTime "1:04:51 PDT"]
[Termination "MagnersCarlsberg2870 won by resignation"]

1. c4 c5 2. Nc3 Nc6 3. g3 g6 4. Bg2 Bg7 5. d3 Nf6 6. e4 O-O 7.
Nge2 a6 8. a4 d6 9. O-O Bd7 10.
h3 Qc8 11. Kh2 Nd4 12. f4 Re8 13. Nxd4 cxd4 14. Ne2 e5 15. g4 exf4 16. Bxf4 Re6 17. Nxd4 Nxg4+ 18. hxg4 Bxd4 19. Bh6 Rf6 20. Rxf6 Bxf6 21.
g5 Bxb2 22. Rb1 Be5+ 23. Kh1 Bd4 24. Qf3 Rb8 25. Rb6 Bxb6 26. Qf6 Bd4 27. Qxd4 f6 28. Qxf6 Qf8 1-0

[Event "Live Chess"]
[Site "Chess.com"]
[Date "2024.06.02"]
[Round "-"]
[White "wadsy27"]
[Black "elephantgerrald"]
[Result "1-0"]
[WhiteElo "2588"]
[BlackElo "852"]
[TimeControl "300"]
[EndTime "1:05:07 PDT"]
[Termination "wadsy27 won by checkmate"]

1. d4 d5 2. c4 dxc4 3. e3 c5 4. Nf3 cxd4 5. Bxc4 Nf6 6. O-O e6 7. exd4 Bd6 8. Nc3 O-O 9. Bg5 Nc6 10. Rc1 Bd7 11.
d5 exd5 12. Nxd5 Be7 13. Nxe7+ Qxe7 14. Re1 Qb4 15. Bxf6 gxf6 16. Qxd7 Na5 17. Re4 Nxc4 18. Rexc4 Qxb2 19. h3 Rfd8 20. Qg4+ Kh8 21. Nh4 Qe5 22. Nf5 Rg8 23. Rc8 Raxc8 24. Rxc8 Qe1+ 25. Kh2 Qe5+ 26. g3 Qe1 27. Qg7# 1-0

[Event "Live Chess"]
[Site "Chess.com"]
[Date "2024.06.02"]
[Round "-"]
[White "Ksenia_2013"]
[Black "DavrosLight"]
[Result "0-1"]
[WhiteElo "944"]
[BlackElo "776"]
[TimeControl "300"]
[EndTime "1:05:29 PDT"]
[Termination "DavrosLight won by checkmate"]

1. e4 e5 2. Nf3 Nc6 3. Bc4 Nf6 4. Ng5 Nxe4 5. Nxf7 Qh4 6. O-O Nxf2 7. Nxh8 Nxd1 8. Rxd1 Bc5+ 9. Kh1 Qxc4 10. Nc3 Kf8 11. Rf1+ Qxf1# 0-1

[Event "Live Chess"]
[Site "Chess.com"]
[Date "2024.06.02"]
[Round "-"]
[White "juniortay"]
[Black "SimonBoy1"]
[Result "1-0"]
[WhiteElo "2397"]
[BlackElo "1530"]
[TimeControl "300"]
[EndTime "1:06:12 PDT"]
[Termination "juniortay won by resignation"]

1. e4 c5 2. Nf3 e6 3. d4 cxd4 4. Bg5 Nf6 5. e5 Qa5+ 6. Bd2 Qb6 7. Na3 Ne4 8. Nc4 Qc7 9. Bd3 Nxd2 10. Qxd2 b5 11.
Nd6+ Bxd6 12. exd6 Qxd6 13. O-O a6 14. Rfe1 Nc6 15.
Qg5 Qf8 16. Re4 h6 17. Qf4 g5 18. Qf6 Rg8 19. Nxd4 Rg6 20. Rxe6+ dxe6 21. Bxg6 Qe7 22. Qh8+ Qf8 23. Bxf7+ Kxf7 24. Qxf8+ Kxf8 25. Nxc6 Bb7 26. Nd4 e5 27. Nf5 h5 28. Rd1 Be4 29. Ne3 Kf7 30. f3 Bg6 31. Kf2 Ke6 32. Ke2 Rc8 33. Rc1 e4 34. c4 exf3+ 35. gxf3 Ke5 36. b4 Kd4 37. c5 Bd3+ 38. Kf2 Bg6 39. a3 Ke5 40. Rd1 a5 41. Rd5+ Ke6 42. Rd6+ Ke7 43. Rxg6 1-0

[Event "Live Chess"]
[Site "Chess.com"]
[Date "2024.06.02"]
[Round "-"]
[White "EdenHazard8"]
[Black "TheSmoulderingMaster"]
[Result "1-0"]
[WhiteElo "2177"]
[BlackElo "1750"]
[TimeControl "300"]
[EndTime "1:06:15 PDT"]
[Termination "EdenHazard8 won by resignation"]

1. e4 c5 2. Nf3 d6 3. g3 Nc6 4. Bg2 Nf6 5. d3 g6 6. O-O Bg7 7. c3 O-O 8. Re1 Bg4 9. h3 Bd7 10. d4 cxd4 11. cxd4 Qc8 12. e5 Ne8 13. exd6 exd6 14.
Kh2 d5 15. Nc3 Kh8 16. Nxd5 f5 17. Be3 Be6 18. Nf4 Bd7 19. Rc1 Qd8 20. d5 Ne5 21. Nxe5 Bxe5 22. Bd4 Qf6 23. Bxe5 1-0

[Event "Live Chess"]
[Site "Chess.com"]
[Date "2024.06.02"]
[Round "-"]
[White "Duke_of_Bebington"]
[Black "SavagePawn7"]
[Result "1-0"]
[WhiteElo "1682"]
[BlackElo "653"]
[TimeControl "300"]
[EndTime "1:06:50 PDT"]
[Termination "Duke_of_Bebington won by resignation"]

1. e4 d5 2. exd5 Nf6 3. Nf3 Nxd5 4. d4 g6 5. Be2 Bg7 6. O-O O-O 7. c4 Nb6 8. Be3 Bg4 9. h3 Bxf3 10. Bxf3 c6 11.
Qb3 Re8 12. Nc3 e6 13. Rad1 N8d7 14. Ne4 Qc7 15. c5 Nd5 16. Nd6 Rf8 17. Bxd5 cxd5 18. Qxb7 Qxb7 19. Nxb7 Rab8 20. c6 Nb6 21. Rc1 e5 22.
dxe5 Bxe5 23. Bxb6 axb6 24. Rfe1 Bc7 25. Re7 Rbc8 26. Rd7 Rfe8 27. Rxd5 Kf8 28. Nd6 Bxd6 29. Rxd6 Red8 30. Rxd8+ Rxd8 31. Kf1 Ke7 32. Ke2 Kd6 33. Kd3 Rc8 34. a3 Rxc6 35. Rxc6+ Kxc6 36. Kc4 b5+ 37. Kb4 Kb6 38. f3 f5 39. g4 fxg4 40. fxg4 h6 41. h4 Ka6 42. Kc5 Ka5 43. b4+ Ka4 44. Kb6 Kxa3 45.
Kxb5 Kb3 46. Kc5 1-0

[Event "Live Chess"]
[Site "Chess.com"]
[Date "2024.06.02"]
[Round "-"]
[White "shoomi777"]
[Black "Ferrarifan27"]
[Result "0-1"]
[WhiteElo "1120"]
[BlackElo "2132"]
[TimeControl "300"]
[EndTime "1:07:10 PDT"]
[Termination "Ferrarifan27 won on time"]

1. e4 e5 2. Nf3 Nc6 3. Bb5 a6 4. Ba4 Nf6 5. O-O Be7 6. d3 b5 7. Bb3 O-O 8. c3 d5 9. exd5 Nxd5 10. Qe2 Bf6 11. Nbd2 Nf4 12. Qe4 Bb7 13. Nxe5 Bxe5 14.
Bc2 Ng6 15. d4 Bf6 16. Nf3 Re8 17. Qf5 Nce7 18. Qh3 Qc8 19. Qh5 Qd7 20. Ne5 Bxe5 21. dxe5 Qd5 22. Qh3 Qxe5 23. Be3 Nd5 24. Bd4 Ndf4 25.
Qg3 Ne2+ 26. Kh1 Nxg3+ 27. hxg3 Qh5+ 28. Kg1 Re2 0-1

[Event "Live Chess"]
[Site "Chess.com"]
[Date "2024.06.02"]
[Round "-"]
[White "RG_ChessLegend"]
[Black "NottheBishopSacrifice"]
[Result "0-1"]
[WhiteElo "1515"]
[BlackElo "2309"]
[TimeControl "300"]
[EndTime "1:07:28 PDT"]
[Termination "NottheBishopSacrifice won by resignation"]

1. e4 c6 2. d4 d5 3. exd5 cxd5 4. Nf3 Nc6 5. c3 Bg4 6. h3 Bh5 7. g4 Bg6 8. Bg2 e6 9. Bf4 Bd6 10. Bg3 Bxg3 11. fxg3 Qd6 12. Kf2 Nf6 13. Nfd2 O-O 14. Bf3 e5 15. Nb3 e4 16. Be2 e3+ 17. Kg2 Be4+ 18.
Bf3 Rae8 19. Bxe4 Nxe4 20. Qf3 Ng5 21. Qe2 Qe6 22. Rf1 Qe4+ 23. Kh2 f5 24. gxf5 Rxf5 25.
Na3 Nf3+ 26. Rxf3 Rxf3 27. Nc5 Qf5 28. Kh1 Rf2 29. Qg4 Qxg4 30. hxg4 e2 31. Re1 Rf1+ 0-1

[Event "Live Chess"]
[Site "Chess.com"]
[Date "2024.06.02"]
[Round "-"]
[White "JohanKjeldahl"]
[Black "AlanBstard10"]
[Result "1-0"]
[WhiteElo "1868"]
[BlackElo "1198"]
[TimeControl "300"]
[EndTime "1:07:29 PDT"]
[Termination "JohanKjeldahl won by checkmate"]

1. e4 g6 2. d4 d6 3. Nc3 Bg7 4. f4 e6 5. Nf3 Bd7 6. Bd3 Qe7 7. Be3 Na6 8. a3 Nf6 9. h3 O-O 10. Qd2 c5 11. g4 cxd4 12. Bxd4 Nc5 13. O-O-O Nxd3+ 14. Qxd3 Ne8 15. Bxg7 Kxg7 16. f5 exf5 17. gxf5 Rc8 18. Nd5 Qd8 19. Qd4+ Nf6 20. Ng5 Kh6 21. Nxf6 Kxg5 22. Rdg1+ Kh6 23. Ng4+ Kh5 24. Qg7 Qg5+ 25. Kb1 Rg8 26. Qxh7+ Qh6 27. Qxh6# 1-0

[Event "Live Chess"]
[Site "Chess.com"]
[Date "2024.06.02"]
[Round "-"]
[White "WelshTiger"]
[Black "JanMur7"]
[Result "0-1"]
[WhiteElo "2434"]
[BlackElo "2268"]
[TimeControl "300"]
[EndTime "1:07:40 PDT"]
[Termination "JanMur7 won by checkmate"]

1. e4 g6 2. d4 Bg7 3. Nc3 c5 4. d5 d6 5. h3 Nf6 6. Nf3 O-O 7. Bc4 a6 8. a4 Bd7 9. O-O Be8 10. Re1 Nbd7 11.
Bf4 Nb6 12. b3 Nc8 13. Qd2 Rb8 14. a5 b5 15. axb6 Nxb6 16. Bh6 Nxc4 17. bxc4 Rb4 18. Bxg7 Kxg7 19. e5 dxe5 20. Nxe5 Nd7 21. Nc6 Qc7 22.
Nxb4 cxb4 23. Ne4 Qxc4 24. c3 bxc3 25. Qxc3+ Qxc3 26. Nxc3 Nc5 27. Rxe7 Bb5 28. Nxb5 axb5 29. Rb1 Rd8 30. Rxb5 Rxd5 31. Rc7 Rd1+ 32. Kh2 Ne6 33.
Ra7 Rd4 34. Rbb7 Rf4 35. f3 h5 36. Rb6 Kg8 37. Kg3 Rf5 38. Ra2 Rd5 39. h4 Rd4 40. Re2 Kg7 41. Rb7 Kf6 42. Ra2 Kg7 43.
Ra6 Kg8 44. Re7 Rd5 45. Kf2 Rf5 46. Ke3 Re5+ 47. Kf2 Rf5 48. Ra2 Kf8 49. Rb7 Kg8 50. Ra8+ Kg7 51. Rbb8 Rf4 52. g3 Rf5 53. Rb2 Rc5 54.
Re2 Rf5 55. Ra7 Kg8 56. Ra3 Rd5 57. Rae3 Rf5 58. Re5 Rf6 59. Kg2 Nd4 60. R2e3 Ra6 61. g4 hxg4 62. fxg4 Kg7 63. Kg3 Ne6 64. h5 gxh5 65.
gxh5 Rb6 66. Kg4 Rb4+ 67. R3e4 Rb1 68. Re3 Rb4+ 69. Kf5 Rf4# 0-1

[Event "Live Chess"]
[Site "Chess.com"]
[Date "2024.06.02"]
[Round "-"]
[White "nyclone"]
[Black "Tatarinov_Maxim"]
[Result "0-1"]
[WhiteElo "1126"]
[BlackElo "2272"]
[TimeControl "300"]
[EndTime "1:07:54 PDT"]
[Termination "Tatarinov_Maxim won by checkmate"]

1. e4 c5 2. a3 e6 3. b4 cxb4 4. axb4 Bxb4 5. c3 Be7 6. Nf3 d6 7. d4 Nf6 8. Bd3 O-O 9. O-O Nc6 10. Ba3 d5 11. e5 Bxa3 12. Nxa3 Nd7 13. Bxh7+ Kxh7 14. Qd3+ Kg8 15. h4 f6 16. h5 fxe5 17. h6 e4 18. Qe3 exf3 19. gxf3 Qf6 20. hxg7 Qxg7+ 21. Kh1 Qh7+ 22. Kg1 Qg6+ 23. Kh1 Rf7 24. Rg1 Rh7+ 25. Qh6 Rxh6# 0-1

[Event "Live Chess"]
[Site "Chess.com"]
[Date "2024.06.02"]
[Round "-"]
[White "matt1979"]
[Black "Isambard_Thomas"]
[Result "0-1"]
[WhiteElo "1396"]
[BlackElo "2162"]
[TimeControl "300"]
[EndTime "1:07:57 PDT"]
[Termination "Isambard_Thomas won by resignation"]

1. f4 e5 2. fxe5 d6 3. Nf3 dxe5 4. e4 Nc6 5. Bb5 Bd6 6. O-O Nf6 7. d3 Bd7 8. Bg5 O-O 9. Nh4 Bg4 10. Qe1 Nd4 11. Ba4 Be7 12. c3 Ne6 13. Nf5 Nxg5 14. Nxe7+ Qxe7 15. Qh4 Qc5+ 16. Kh1 Be2 17. Rf5 Ne6 18.
Nd2 Bxd3 19. Qg3 Nxe4 20. Nxe4 Bxe4 21. Rxe5 Bd5 22. Bb3 c6 23. c4 Bxg2+ 24. Kxg2 Qd4 25. Rae1 Nf4+ 26. Kh1 Nd3 27. Rg5 Nxe1 28. Rxg7+ Qxg7 0-1

[Event "Live Chess"]
[Site "Chess.com"]
[Date "2024.06.02"]
[Round "-"]
[White "stevochess11"]
[Black "yarek"]
[Result "0-1"]
[WhiteElo "1683"]
[BlackElo "1725"]
[TimeControl "300"]
[EndTime "1:08:14 PDT"]
[Termination "yarek won by resignation"]

1. d4 g6 2. e4 Bg7 3. Nc3 c6 4. Nf3 d5 5. e5 Bg4 6. h3 Bxf3 7. Qxf3 e6 8. Be2 Ne7 9. Bg5 O-O 10. Bf6 Nd7 11. Bxg7 Kxg7 12. Na4 Qa5+ 13. Nc3 c5 14. dxc5 Nxe5 15. Qe3 N5c6 16. O-O d4 17.
Qg3 dxc3 18. bxc3 Nd5 19. Qd6 Rfd8 20. Bf3 Rxd6 0-1

[Event "Live Chess"]
[Site "Chess.com"]
[Date "2024.06.02"]
[Round "-"]
[White "jimwad"]
[Black "Step-S"]
[Result "0-1"]
[WhiteElo "1317"]
[BlackElo "1271"]
[TimeControl "300"]
[EndTime "1:08:41 PDT"]
[Termination "Step-S won by resignation"]

1. d4 e5 2. dxe5 d6 3. exd6 Bxd6 4. Nc3 Nf6 5. Nf3 Nc6 6. Bg5 Qe7 7. e3 Bg4 8. Be2 O-O-O 9. O-O Bxf3 10. Bxf3 Bxh2+ 11. Kxh2 Rxd1 12. Raxd1 Qe5+ 13. Bf4 Qf5 14. Rd2 g5 15. Bg3 g4 16. e4 Qg5 17. e5 Qxd2 18. exf6 gxf3 19. Rd1 Qxc2 20. gxf3 Qxb2 21. Ne4 Qxa2 22. Ng5 h6 23. Ne4 Rd8 24. Rxd8+ Nxd8 25. Nc5 Qa5 26. Ne4 Qf5 0-1

[Event "Live Chess"]
[Site "Chess.com"]
[Date "2024.06.02"]
[Round "-"]
[White "ProfessorChess101"]
[Black "defenderalist"]
[Result "1-0"]
[WhiteElo "2731"]
[BlackElo "1530"]
[TimeControl "300"]
[EndTime "1:08:43 PDT"]
[Termination "ProfessorChess101 won by resignation"]

1. e4 c5 2. Nc3 d6 3. b3 Nc6 4. Bb2 Nf6 5. Nf3 Bg4 6. Bb5 a6 7. Bxc6+ bxc6 8. h3 Bh5 9. d4 cxd4 10. Qxd4 Bxf3 11.
gxf3 e5 12. Qc4 Qc7 13. Rg1 g6 14. f4 Bg7 15. fxe5 dxe5 16. Ba3 Rd8 17. Rd1 Rxd1+ 18.
Kxd1 Bf8 19. Qxa6 Bxa3 20. Qxa3 Nd7 21. Kc1 c5 22. Nd5 Qc6 23. Rd1 O-O 24. Ne7+ 1-0

[Event "Live Chess"]
[Site "Chess.com"]
[Date "2024.06.02"]
[Round "-"]
[White "SimonBoy1"]
[Black "TheSmoulderingMaster"]
[Result "0-1"]
[WhiteElo "1526"]
[BlackElo "1754"]
[TimeControl "300"]
[EndTime "1:09:13 PDT"]
[Termination "TheSmoulderingMaster won by resignation"]

1. e4 c5 2. Nf3 d6 3. d4 cxd4 4.
Nxd4 Nf6 5. Nc3 g6 6. Be3 Bg7 7. f3 O-O 8. Qd2 Nc6 9. O-O-O d5 10. Nxc6 bxc6 11. exd5 c5 12. Bxc5 Re8 13. g4 Qa5 14. Bd4 Rb8 15. Kb1 Rb4 16. g5 Nh5 17. Bxg7 Kxg7 18.
Ne4 Bf5 19. Qc3+ Kg8 20. d6 exd6 21. Nxd6 Reb8 22. b3 Rxb3+ 23. axb3 Qxc3 0-1

[Event "Live Chess"]
[Site "Chess.com"]
[Date "2024.06.02"]
[Round "-"]
[White "peteopeteo"]
[Black "MaksymYurii"]
[Result "1/2-1/2"]
[WhiteElo "1542"]
[BlackElo "982"]
[TimeControl "300"]
[EndTime "1:09:37 PDT"]
[Termination "Game drawn by stalemate"]

1. e4 e5 2. Nf3 Nc6 3. Bc4 d5 4. exd5 Na5 5. Bb3 Nxb3 6. axb3 Qxd5 7. O-O Qd8 8. Nc3 Bg4 9. Re1 f6 10. h3 Bxf3 11. Qxf3 Bd6 12. d4 c6 13. dxe5 Bxe5 14. Bf4 Ne7 15. Bxe5 fxe5 16. Rxe5 Rf8 17. Qh5+ g6 18. Qxh7 Rf7 19. Qxg6 Kf8 20. Qh6+ Rg7 21. Qh8+ Kf7 22. Qxd8 Rxd8 23. Rae1 Rd7 24. Rd1 Rxd1+ 25. Nxd1 Nd5 26. c3 Nf4 27. Rf5+ Ke6 28. Rxf4 Kd5 29. Ne3+ Ke5 30. Rg4 Rd7 31. Rd4 Rf7 32. Nc4+ Ke6 33. Rd6+ Ke7 34. Rd2 Ke6 35. g3 b5 36. Ne3 a5 37. Kg2 a4 38. bxa4 bxa4 39. Rd4 Ra7 40. h4 a3 41. bxa3 Rxa3 42. Rc4 Kd6 43. h5 Ra8 44. g4 Ra2 45. Rf4 Ra3 46. Rf3 c5 47. Nc4+ Kd5 48. Nxa3 Ke4 49. h6 c4 50. Nxc4 Kd5 51.
Nb6+ Ke4 52. h7 Ke5 53. h8=N Ke4 54. g5 Ke5 55. g6 Ke4 56. g7 Ke5 57. g8=N Ke4 58.
Ng6 1/2-1/2

[Event "Live Chess"]
[Site "Chess.com"]
[Date "2024.06.02"]
[Round "-"]
[White "gunslinger222"]
[Black "Greenbecker"]
[Result "1-0"]
[WhiteElo "2251"]
[BlackElo "1729"]
[TimeControl "300"]
[EndTime "1:09:38 PDT"]
[Termination "gunslinger222 won by resignation"]

1. d4 d5 2. c4 e6 3. Nc3 Nf6 4. Nf3 Be7 5. Bf4 O-O 6. e3 c6 7. c5 b6 8. b4 a5 9. a3 axb4 10.
axb4 Rxa1 11. Qxa1 Nh5 12. Bd3 Nxf4 13. exf4 Nd7 14.
O-O f6 15. Re1 bxc5 16. bxc5 e5 17. fxe5 fxe5 18. Nxe5 Nxe5 19. Rxe5 Qc7 20. Qb1 h6 21. Na4 Bf6 22. Re2 Bxd4 23. Qb4 Qf4 24. Qd2 Bxf2+ 25.
Rxf2 Qxa4 26. Bh7+ Kxh7 27. Rxf8 Ba6 28. h3 Qa1+ 29. Kh2 Qe5+ 30. g3 Qe7 31. Qf2 Bd3 32. Rf7 Qe2 33. Qxe2 Bxe2 34. Rc7 Bb5 35. Rd7 Kg6 36.
g4 Kf6 37. Kg3 g6 38. h4 Ke6 39. Rh7 h5 40. gxh5 gxh5 41. Rxh5 d4 42. Kf4 d3 43. Ke3 Kf6 44. Rg5 Ke6 45. Rg1 Kf6 46. h5 Bc4 47. h6 Ke5 48. h7 1-0

[Event "Live Chess"]
[Site "Chess.com"]
[Date "2024.06.02"]
[Round "-"]
[White "Ferrarifan27"]
[Black "Duke_of_Bebington"]
[Result "1-0"]
[WhiteElo "2133"]
[BlackElo "1681"]
[TimeControl "300"]
[EndTime "1:09:46 PDT"]
[Termination "Ferrarifan27 won by resignation"]

1. e4 e5 2. Nf3 Nf6 3. Nxe5 d6 4.
Nf3 Nxe4 5. d4 d5 6. Nc3 Bg4 7.
Be2 Bb4 8. Bd2 O-O 9. Nxe4 dxe4 10. Bxb4 exf3 11. gxf3 Re8 12. fxg4 Nc6 13. Bc3 Qg5 14. O-O Rad8 15. Bf3 Nxd4 16. Bxd4 1-0